[Event "78th Armenian Chess Ch"]
[Site "Yerevan"]
[Date "2017.08.12"]
[Round "4"]
[White "Kalashian, David"]
[Black "Torosyan, Norayr"]
[Result "1/2-1/2"]
[ECO "D51"]
[WhiteElo "2389"]
[BlackElo "2350"]
[Annotator "ChessBase"]
[PlyCount "100"]
[EventDate "2017.??.??"]
[EventCountry "ARM"]
[SourceTitle "playchess.com"]
[Source "ChessBase"]
[SourceQuality "1"]
[TimeControl "40/5400+30:1800+30"]

1. d4 d5 2. Nf3 Nf6 3. c4 e6 4. Nc3 Nbd7 5. Bg5 h6 6. Bxf6 Nxf6 7. e3 c6 8. Ne5 Be7 9. Bd3 O-O 10. c5 Nd7 11. Nxd7 Qxd7 12. f4 b6 13. b4 bxc5 14. bxc5 e5 15. fxe5 f6 16. exf6 Rxf6 17. Rf1 Qc7 18. Qh5 Be6 19. Rxf6 Bxf6 20. Kd2 Bf7 21. Qf5 Qxh2 22. Rb1 Qc7 23. Rf1 Re8 24. Qh7+ Kf8 25. Bg6 Re6 26. Bf5 Re8 27. Bg6 Re6 28. Bf5 Re8 29. Bg6 Re6 30. Bxf7 Kxf7 31. Rb1 Re7 32. Qf5 Kg8 33. Rb3 Bg5 34. Ne2 Bxe3+ 35. Rxe3 Qa5+ 36. Rc3 Rxe2+ 37. Kxe2 Qxc3 38. Qe6+ Kh7 39. Qf5+ Kg8 40. Qc8+ Kh7 41. Qxc6 Qc2+ 42. Ke1 Qe4+ 43. Kf1 Qd3+ 44. Ke1 Qxd4 45. Qb5 a6 46. Qb1+ Kg8 47. Qb8+ Kh7 48. Qb1+ Kg8 49. Qb8+ Kh7 50. Qb1+ Kg8 1/2-1/2

[Event "78th Armenian Chess Ch"]
[Site "Yerevan"]
[Date "2017.08.12"]
[Round "4"]
[White "Manukyan, Sargis A."]
[Black "Danielyan, Vahe"]
[Result "1-0"]
[ECO "E60"]
[WhiteElo "2233"]
[BlackElo "2344"]
[Annotator "NA"]
[PlyCount "119"]
[EventDate "2017.??.??"]
[EventCountry "ARM"]
[SourceTitle "playchess.com"]
[Source "ChessBase"]
[SourceQuality "1"]
[TimeControl "40/5400+30:1800+30"]

1. d4 Nf6 2. c4 c5 3. d5 b5 4. cxb5 a6 5. bxa6 g6 6. Nc3 Bg7 7. Nf3 O-O 8. g3 d6 9. Bg2 Nxa6 10. O-O Bf5 {[%emt 0:00:02] E60: King's Indian: Unusual lines and Fianchetto Variation without Nc3} 11. Nh4 Bd7 (11... Bc8 12. Rb1 Qa5 13. Bd2 Nc7 14. a3 Qb6 15. h3 Nb5 16. Nxb5 Qxb5 17. Bc3 Ba6 18. Re1 {½-½ (58) Sasikiran,K (2682)-Ding,L (2755) Hyderabad 2015}) 12. Rb1 Qa5 {[%emt 0:02:54] LiveBook: 4 Games} 13. Bd2 Rfb8 14. b3 Nc7 (14... c4 $5) 15. a4 Qa6 16. Qc2 Qb7 $146 17. e4 Na6 18. Na2 Nc7 19. Bc3 Qa7 20. Ba1 (20. e5 $16 Ng4 {[#]} 21. e6 $1 fxe6 22. dxe6 Nxe6 23. Bd5 (23. Bxa8 Rxa8 24. Rbe1 Ne5 $14)) 20... Nb5 21. Bb2 Nd4 22. Bxd4 $1 cxd4 23. Nc1 Rc8 24. Qd2 Rab8 (24... e5 $15) 25. Ne2 Ng4 (25... d3 $5 26. Qxd3 Rb4 $14) 26. Nf3 Bxa4 27. Nfxd4 Bd7 (27... Bb5 $5) 28. h3 Nf6 29. b4 Rc4 {[%emt 0:02:20] [#]} 30. Rfc1 (30. e5 $1 $18 dxe5 31. Nc6 Bxc6 32. dxc6) 30... Nxe4 31. Bxe4 Rxd4 32. Nxd4 Bxd4 33. Kg2 Kg7 34. Rc4 Bf6 35. Qc2 Bb5 36. Rc8 Rb7 37. Qd2 Qb6 38. h4 Bd7 39. Ra8 h5 40. Bf3 Rc7 (40... Bf5 $16 41. Rb3 Qd4 42. Qxd4 Bxd4) 41. Rb3 Bf5 (41... Rc4 $142) 42. Ra2 Qb5 {[%emt 0:00:08] [#]} 43. Qe2 $1 Qb6 (43... Qxe2 $16 44. Rxe2 (44. Bxe2 Bc2 $16) 44... Bd4) 44. Ra6 Qd4 45. Rc6 Rxc6 46. dxc6 e5 47. Qe3 Qc4 48. b5 d5 49. Rb2 d4 50. Qb3 Qc1 51. b6 e4 52. Bd1 e3 53. b7 Be5 54. b8=Q $18 Bxb8 55. Qxb8 Qxd1 56. Qe5+ Kh7 57. Rb8 Be4+ 58. Qxe4 e2 59. Qf4 e1=N+ 60. Kh3 1-0

[Event "78th Armenian Chess Ch"]
[Site "Yerevan"]
[Date "2017.08.22"]
[Round "13"]
[White "Danielyan, Vahe"]
[Black "Mkrtchyan, Eduard"]
[Result "1-0"]
[ECO "B84"]
[WhiteElo "2344"]
[BlackElo "2203"]
[Annotator "NA"]
[PlyCount "63"]
[EventDate "2017.??.??"]
[EventCountry "ARM"]
[SourceTitle "playchess.com"]
[Source "ChessBase"]
[SourceQuality "1"]
[TimeControl "40/5400+30:1800+30"]

1. e4 c5 2. Nc3 e6 3. Nf3 a6 4. d4 cxd4 5. Nxd4 d6 6. Be2 Nf6 7. g4 h6 8. h4 {[%emt 0:00:20] B84: Sicilian Scheveningen: 6 Be2 a6, lines without early Be3} b5 (8... Nc6 9. Be3 d5 10. exd5 Nxd5 11. Nxd5 Qxd5 12. Bf3 Qa5+ 13. c3 Bd7 14. Qb3 Qc7 15. Qc4 Rc8 {1-0 (29) Plat,V (2503)-Plischki,S (2384) Olomouc 2016}) 9. Bf3 e5 10. Nf5 g6 $146 {[%emt 0:01:54] [#]} ({Predecessor:} 10... b4 11. Nd5 Nxd5 12. Qxd5 Ra7 13. Be3 Be6 14. Qd2 Rd7 15. Rd1 h5 16. Qxb4 hxg4 17. Bxg4 {1-0 (29) Hoang,T (2267)-Laciner,K (2179) Budapest 2005}) 11. Ng3 (11. Nxh6 $1 $16 Bxh6 12. Bxh6) 11... b4 12. Nd5 Nc6 13. Be3 Nxd5 14. exd5 Na5 (14... Ne7 $142) 15. Qd3 Bd7 16. h5 Qf6 (16... g5 $16 {was necessary.}) 17. Be2 Bb5 18. Qe4 Bxe2 19. Kxe2 ({Not} 19. Nxe2 Rc8 $16) 19... Be7 $2 (19... Rc8 20. Qxb4 Nc4) 20. Qxb4 Bd8 21. Ne4 Qe7 22. hxg6 fxg6 23. Qxd6 Qxd6 24. Nxd6+ Ke7 25. Ne4 Rc8 $18 26. c3 h5 27. gxh5 gxh5 28. Rag1 Nc4 29. Bc5+ Rxc5 30. Nxc5 Kd6 31. Nb7+ Kxd5 32. Rd1+ 1-0